 Dungeon Crawl Stone Soup version 0.30-a0-12-gd8047c6341 (webtiles) character file.

Game seed: 5119608816081621056

1041 nickcage the Slicer (level 8, 0/37 HPs)
             Began as a Spriggan Enchanter on Aug 23, 2022.
             Slain by a kobold
             ... wielding a +0 short sword of venom
              (4 damage)
             ... in the Ecumenical Temple.
             The game lasted 00:26:34 (6697 turns).

nickcage the Slicer (Spriggan Enchanter)            Turns: 6697, Time: 00:26:35

Health: 0/37       AC:  3    Str: 10    XL:     8   Next: 4%
Magic:  7/13       EV: 17    Int: 18    God:
Gold:   1514       SH:  0    Dex: 16    Spells: 10/12 levels left

rFire   + + .      SeeInvis +    a - +1 dagger (spect)
rCold   + + .      Faith    .    (no shield)
rNeg    . . .      Spirit   .    A - +1 robe {rC+ rF+}
rPois   .          Reflect  .    (helmet restricted)
rElec   .          Harm     .    e - scarf {rC+ rF+}
rCorr   +          Rampage  .    (gloves unavailable)
Will    +....                    (boots unavailable)
Stlth   ++++......               m - amulet of magic regeneration
HPRegen 0.12/turn                j - ring of resist corrosion
MPRegen 0.53/turn                g - +6 ring of strength

@: lethally poisoned (0 -> -13), very slightly contaminated, very quick
A: very small, no large weapons, unfitting armour, see invisible, speed 3
a: no special abilities


You were in the Ecumenical Temple.
You visited 2 branches of the dungeon, and saw 7 of its levels.
You also visited: Sewer.

You collected 1514 gold pieces.

Inventory:

Hand Weapons
 a - a +1 spectral dagger (weapon)
Missiles
 l - 14 poisoned darts
Armour
 b - a +0 robe
 e - a scarf of resistance (worn)
 o - a +0 cloak
 A - a +1 robe of resistance (worn)
Jewellery
 f - a ring of positive energy
 g - a +6 ring of strength (right hand)
 j - a ring of resist corrosion (left hand)
 m - an amulet of magic regeneration (around neck)
 x - a ring of magical power
Wands
 C - a wand of paralysis (3)
Scrolls
 d - 2 scrolls of teleportation
 q - a scroll of identify {unknown}
 t - a scroll of noise {unknown}
 u - 2 scrolls of enchant armour {unknown}
 v - 2 scrolls of vulnerability {unknown}
 y - a scroll of fear {unknown}
 B - a scroll of blinking {unknown}
 D - a scroll of summoning {unknown}
Potions
 c - 4 potions of invisibility
 h - 3 potions of flight {unknown}
 i - 3 potions of curing {unknown}
 k - a potion of berserk rage {unknown}
 n - a potion of degeneration {unknown}
 p - a potion of might {unknown}
 r - 2 potions of lignification {unknown}
 s - a potion of heal wounds {unknown}
 w - a potion of brilliance {unknown}
 z - a potion of ambrosia {unknown}


   Skills:
 + Level 0.7 Fighting
 + Level 8.5 Short Blades
 - Level 2.6 Dodging
 + Level 7.7 Stealth
 - Level 2.6 Spellcasting
 - Level 5.0 Hexes


You had 10 spell levels left.
You knew the following spells:

 Your Spells              Type           Power      Damage    Failure   Level
a - Ensorcelled Hibernat  Hex/Ice        22%        N/A       9%          2

Your spell library contained the following spells:

 Spells                   Type           Power      Damage    Failure   Level
 Confusing Touch          Hex            20%        N/A       6%          3
 Tukima's Dance           Hex            20%        N/A       6%          3
 Dazzling Flash           Conj/Hex       22%        N/A       19%         3
 Blink                    Tloc           4%         N/A       26%         2
 Lesser Beckoning         Tloc           2%         N/A       45%         3
 Manifold Assault         Tloc           2%         N/A       99%         5
 Conjure Ball Lightning   Conj/Air       1%         3x3d6     100%        6
 Discord                  Hex            10%        N/A       100%        8
 Disjunction              Tloc           1%         N/A       100%        8


Dungeon Overview and Level Annotations

Branches:
Dungeon (7/15)             Temple (1/1) D:7           Sewer (visited)

Altars:
Ru
Trog

Shops:
D:2 *


Innate Abilities, Weirdness & Mutations

You are very small and have problems with some larger weapons.
You are too small for most types of armour.
You have supernaturally acute eyesight. (SInv)
You cover ground extremely quickly. (Speed+++)


Message History

You are more poisoned.
The killer bee poisons you!
You feel very sick. The killer bee stings you.
Something hits the plant.
The kobold hits the plant with a +0 club.
The kobold misses you.
The kobold hits the plant with a +0 whip.
Something hits the plant.
The killer bee closely misses you.
You hear a shout!
You climb downwards.
Welcome to the Ecumenical Temple!
You feel sick.
There is a staircase back to the Dungeon here.
Aiming: Ensorcelled Hibernation (safe; 9% risk of failure)
Press: ? - help, Q - select action, (/) - cycle Shift-Dir - straight line, f - killer bee
Aim: a killer bee (chance to affect: 53%)
The killer bee resists with significant effort.
You feel very sick. The killer bee closely misses you.
The kobold closely misses you. The killer bee stings you.
Aiming: Ensorcelled Hibernation (safe; 9% risk of failure)
Press: ? - help, Q - select action, (/) - cycle Shift-Dir - straight line, f/p - killer bee
Aim: a killer bee (chance to affect: 53%)
The killer bee resists with significant effort.
You feel sick. The killer bee misses you. The kobold misses you.
The killer bee stings you.
* * * LOW HITPOINT WARNING * * *
Aiming: Ensorcelled Hibernation (safe; 9% risk of failure)
Press: ? - help, Q - select action, (/) - cycle Shift-Dir - straight line, f/p - killer bee
Aim: a killer bee (chance to affect: 53%)
The killer bee looks drowsy...
You feel sick.
The kobold hits you with a +0 short sword of venom.
* * * LOW HITPOINT WARNING * * *
You are more poisoned.
The helpless killer bee fails to defend itself.
You skewer the killer bee like a kebab!!!
You kill the killer bee!
* * * LOW HITPOINT WARNING * * *
You feel sick.
The kobold hits you with a +0 short sword of venom.
You die...

♣ ♣ ♣. .♣
♣.. ..♣
....##
##....
♣....#+#...♣
♣........♣
♣...@K..♣
♣..♣♣♣♣♣..♣
♣. .♣


You could see a kobold.

Vanquished Creatures
  An ice beast (D:5)
  A scorpion (D:5)
  7 killer bees
  A jelly (D:4)
  A gnoll bouda (D:5)
  An orc priest (D:5)
  Crazy Yiuf (D:3)
  3 iguanas (D:4)
  2 orc wizards (D:5)
  4 gnolls
  10 adders
  7 river rats (Sewer)
  4 shadow imps (D:5)
  A white imp (D:7)
  5 ufetubi
  4 worms
  6 dart slugs
  10 orcs
  9 ball pythons
  6 bats
  8 endoplasms
  5 giant cockroaches
  12 goblins
  9 hobgoblins
  15 kobolds
  6 frilled lizards
  13 rats
  A butterfly (D:7)
153 creatures vanquished.

Vanquished Creatures (others)
  A bat (D:1)
  12 demonic plants
  11 fungi (D:1)
  9 plants (D:1)
  3 withered plants (D:1)
36 creatures vanquished.

Grand Total: 189 creatures vanquished

Notes
Turn   | Place    | Note
-------+----------+-------------------------------------------
     0 | D:1      | nickcage the Spriggan Enchanter began the quest for the
                  | Orb.
     0 | D:1      | Reached XP level 1. HP: 9/9 MP: 5/5
   372 | D:1      | Reached XP level 2. HP: 6/13 MP: 6/6
   618 | D:1      | Learned a level 2 spell: Ensorcelled Hibernation
  1180 | D:1      | Reached skill level 5 in Hexes
  1186 | D:1      | Reached XP level 3. HP: 16/16 MP: 0/8
  1318 | D:1      | Found a faded altar of an unknown god.
  1711 | D:1      | Reached skill level 2 in Short Blades
  2277 | D:2      | Reached skill level 3 in Short Blades
  2277 | D:2      | Reached XP level 4. HP: 21/21 MP: 9/9
  2538 | D:2      | Found Botostraxt's Assorted Antiques.
  3053 | D:3      | Found a runed translucent door.
  3054 | D:3      | Noticed Crazy Yiuf
  3061 | D:3      | Killed Crazy Yiuf
  3062 | D:3      | Reached skill level 4 in Short Blades
  3255 | D:3      | Reached XP level 5. HP: 24/24 MP: 10/10
  3403 | D:3      | Found a bloodstained altar of Trog.
  3655 | D:4      | Identified a scroll of acquirement
  3655 | D:4      | Acquired 1180 gold pieces
  3674 | D:4      | Reached skill level 5 in Short Blades
  3843 | D:4      | Found a glowing drain.
  3860 | Sewer    | Entered a sewer
  3976 | Sewer    | Reached XP level 6. HP: 28/28 MP: 11/11
  4100 | Sewer    | Reached skill level 6 in Short Blades
  4817 | D:4      | Found a sacrificial altar of Ru.
  5179 | D:5      | Entered Level 5 of the Dungeon
  5202 | D:5      | Reached skill level 7 in Short Blades
  5312 | D:5      | Reached skill level 5 in Stealth
  5312 | D:5      | Reached XP level 7. HP: 28/32 MP: 10/12
  5323 | D:5      | Reached skill level 8 in Short Blades
  6248 | D:5      | Reached XP level 8. HP: 23/37 MP: 7/13
  6587 | D:5      | You fall into a shaft and drop 2 floors!
  6671 | D:7      | Found a staircase to the Ecumenical Temple.
  6693 | Temple   | Entered the Ecumenical Temple
  6697 | Temple   | Slain by a kobold

Illustrated notes

Levels and vault maps discovered:
D:1:      lemuel_arrival_funnel, layout_loops_ring,
          shapermc_ecumenical_altar_gd, serial_bayou_pond_d
D:2:      layout_rooms, serial_shops, nicolae_shop_trees, kennysheep_path_1,
          dreamdust_wishing_well
D:3:      layout_loops_ring, trog_hazing_becter, uniq_crazy_yiuf_cottage
D:4:      layout_loops_cross, mainiacjoe_overflow_catwalk, portal_sewer_entry_d
D:5:      layout_loops_ring, serial_demonic, serial_demonic_d, serial_demonic_f,
          serial_demonic_g, serial_demonic_a
D:7:      layout_basic, kennysheep_mini, cheibriados_altar_1,
          kennysheep_mini_moat, nicolae_qazlal_general_emergency,
          minmay_temple_entry_butterflies, gammafunk_ghost_necromancy,
          serial_bayou, serial_bayou_crossing, serial_bayou_lagoon_a,
          serial_bayou_pond_b, st_stairs_13
Temple:   hellmonk_temple_forest_ring

Skill      XL: |  1  2  3  4  5  6  7 |
---------------+----------------------+-----
Hexes          | 4 5 |  5.0
Short Blades   | 3 4 5 7 8 |  8.5
Stealth        | 5 7 |  7.7
Fighting       | |  0.7
Dodging        | |  2.6
Spellcasting   | |  2.6

Action                   |  1- 3 |  4- 6 |  7- 9 || total
-------------------------+-------+-------+-------++-------
Melee: Dagger            |    98 |   138 |    67 ||   303
       Punch             |       |     1 |       ||     1
 Cast: Ensorcelled Hiber |    30 |    77 |    28 ||   135
  Use: Scroll            |       |     5 |       ||     5
 Stab: Sleeping          |    24 |    62 |    16 ||   102
       Distracted        |       |       |     1 ||     1
Armor: Robe              |    13 |    10 |     5 ||    28
Dodge: Dodged            |    71 |    95 |    51 ||   217

Table legend: (Time is in decaauts)
 A = Elapsed time spent in this place.
 B = Non-inter-level travel time spent in this place.
 C = Inter-level travel time spent in this place.
 D = Time resting spent in this place.
 E = Time spent auto-exploring this place.
 F = Levels seen in this place.
 G = Mean time per level.
                   A        B        C        D        E       F      G
               +--------+--------+--------+--------+--------+-----+--------+
         Total |   5326 |   5264 |     62 |   1044 |   3174 |   8 |  665.8 |
       Dungeon |   4944 |   4882 |     62 |   1044 |   2908 |   6 |  824.0 |
        Temple |      3 |      3 |      0 |      0 |      0 |   1 |    3.0 |
         Sewer |    378 |    378 |      0 |      0 |    266 |   1 |  378.0 |
               +--------+--------+--------+--------+--------+-----+--------+

Top non-repeatable levels by time:
     D:1: 1458 daAuts
     D:4: 1096 daAuts
     D:5: 872 daAuts
     D:2: 861 daAuts
     D:3: 585 daAuts
   Sewer: 378 daAuts
     D:7: 70 daAuts
  Temple: 3 daAuts
